 Dungeon Crawl Stone Soup version 0.31-a0-876-gfe8ebadbca (webtiles) character file.

Game seed: 8601481387744193129

65711 quinnr the Nimble (level 15, -1/93 HPs)
             Began as a Tengu Air Elementalist on Oct 10, 2023.
             Was a High Priest of Vehumet.
             Slain by a +5 long sword (16 damage)
             ... on level 14 of the Dungeon on Oct 13, 2023.
             The game lasted 01:04:11 (26056 turns).

quinnr the Nimble (Tengu Air Elementalist)         Turns: 26056, Time: 01:04:11

Health: -1/93      AC:  6    Str: 10    XL:     15   Next: 17%
Magic:  18/37      EV: 23    Int: 24    God:    Vehumet [*****.]
Gold:   1350       SH:  0    Dex: 15    Spells: 13/30 levels left

rFire   + . .        I - staff of conjuration {!a}
rCold   . . .        L - orb {light}
rNeg    + + +        J - +1 robe {rF+}
rPois   .            P - +1 hat {Int+3}
rElec   +            V - +0 cloak
rCorr   .            n - +0 pair of gloves of Resourcefulness {rElec}
SInv    +            (boots unavailable)
Will    +....        (no amulet)
Stlth   ++           v - ring of see invisible
HPRegen 0.35/turn    Q - ring of Myubolao {Fly rElec rN+++ MP+9 Stlth-}
MPRegen 0.25/turn

%: acrobat
@: swift, flying, glowing, studying Staves, quick
A: beak, talons 3, evasive flight, acrobatic
a: Renounce Religion


You were on level 14 of the Dungeon.
You worshipped Vehumet.
Vehumet was extremely pleased with you.
You visited 3 branches of the dungeon, and saw 18 of its levels.
You also visited: Bailey and Volcano.

You collected 1745 gold pieces.
You spent 395 gold pieces at shops.


Innate Abilities, Weirdness & Mutations

You have a beak for a mouth.
You have claws for feet.
Your magical flight helps you evade attacks. (EV +4)
You can magically evade attacks while moving or waiting.


   Skills:
 - Level 10.8 Fighting
 + Level 7.9 Staves
 + Level 13.9 Dodging
 - Level 9.0 Stealth
 - Level 8.0 Spellcasting
 - Level 5.0 Conjurations
 - Level 2.0 Fire Magic
 - Level 12.0 Air Magic
 + Level 11.6 Poison Magic
 - Level 7.0 Evocations


You had 13 spell levels left.
You knew the following spells:

 Your Spells              Type           Power      Damage    Failure   Level
a - Airstrike             Air            30%        2d(5-21)  1%          4
i - Swiftness             Air            61%        N/A       1%          3
o - Olgreb's Toxic Radia  Pois           60%        N/A       1%          4
t - Static Discharge      Conj/Air       100%       2-7/arc   1%          2
z - Shock                 Conj/Air       100%       1d9       1%          1
X - Ignite Poison         Fire/Tmut/Pois 31%        N/A       1%          3

Your spell library contained the following spells:

 Spells                   Type           Power      Damage    Failure   Level
 Ozocubu's Refrigeration  Ice            4%         4d8       100%        7
 Cigotuvi's Dreadful Rot  Necr/Pois/Air  94%        N/A       1%          2
 Hailstorm                Conj/Ice       32%        3d8       1%          3
 Freezing Cloud           Conj/Ice/Air   26%        6-21      5%          5
 Apportation              Tloc           18%        N/A       6%          1
 Necrotise                Necr           36%        1d5       6%          1
 Summon Small Mammal      Summ           36%        N/A       6%          1
 Blink                    Tloc           18%        N/A       10%         2
 Lesser Beckoning         Tloc           18%        N/A       10%         2
 Sublimation of Blood     Necr           9%         N/A       10%         2
 Wereblood                Tmut           9%         N/A       10%         2
 Silence                  Hex/Air        19%        N/A       16%         5
 Irradiate                Conj/Tmut      16%        3d17      17%         5
 Confusing Touch          Hex            9%         N/A       19%         3
 Gell's Gravitas          Tloc           9%         N/A       19%         3
 Teleport Other           Tloc           9%         N/A       19%         3
 Lee's Rapid Deconstruct  Erth           4%         3d5*      41%         5
 Dimensional Bullseye     Hex/Tloc       4%         N/A       54%         4
 Leda's Liquefaction      Hex/Erth       4%         N/A       54%         4
 Manifold Assault         Tloc           9%         N/A       54%         4
 Passage of Golubria      Tloc           9%         N/A       54%         4
 Summon Ice Beast         Ice/Summ       9%         N/A       54%         4
 Bombard                  Conj/Erth      16%        9d3       63%         6
 Simulacrum               Ice/Necr       4%         N/A       100%        6
 Summon Hydra             Summ           4%         N/A       100%        7
 Lehudib's Crystal Spear  Conj/Erth      16%        10d5      100%        8
 Chain Lightning          Conj/Air       33%        3d44      100%        9
 Fire Storm               Conj/Fire      19%        8d5       100%        9
 Shatter                  Erth           4%         3d8*      100%        9

Inventory:

Hand Weapons
 a - a +3 shortbow of flaming
 x - the +6 trident "Ypofag" {vamp, rElec Will+ Str-4}
   (You found it on level 5 of the Dungeon)

   Str-4:     It affects your strength (-4).
   rElec:     It insulates you from electricity.
   Will+:     It increases your willpower.
 y - the +2 mace "Gram" {chaos, rF+ MP+9}
   (You took it off a gnoll sergeant on level 5 of the Dungeon)

   rF+:       It protects you from fire.
   MP+9:      It affects your magic capacity (+9).
Missiles
 O - 2 throwing nets {=f}
Armour
 n - the +0 pair of gloves of Resourcefulness (worn) {rElec}
   (You found it in a volcano)

   rElec:     It insulates you from electricity.
 q - a +3 leather armour of fire resistance
 J - a +1 robe of fire resistance (worn)
 L - an orb of light (worn)
 P - a +1 hat of intelligence (worn)
 V - a +0 cloak (worn)
Magical Staves
 I - a staff of conjuration (weapon) {!a}
Jewellery
 v - a ring of see invisible (left hand)
 C - a ring of ice
 F - a ring of fire
 N - a ring of positive energy
 Q - the ring of Myubolao (right hand) {Fly rElec rN+++ MP+9 Stlth-}
   (You found it in a bailey)

   [ring of magical power]

   rElec:     It insulates you from electricity.
   rN+++:     It renders you almost immune to negative energy.
   MP+9:      It affects your magic capacity (+9).
   Fly:       It grants you flight.
   Stlth-:    It makes you less stealthy.
Wands
 u - a wand of mindburst (3)
 H - a wand of roots (14)
 K - a wand of flame (40)
 T - a wand of paralysis (2)
 W - a wand of quicksilver (5)
Scrolls
 f - 3 scrolls of poison {unknown}
 h - 3 scrolls of fog
 i - 2 scrolls of immolation
 k - 2 scrolls of brand weapon {unknown}
 l - 8 scrolls of enchant weapon {unknown}
 p - 4 scrolls of enchant armour
 r - 12 scrolls of teleportation {@r2}
 B - 2 scrolls of amnesia
 D - 4 scrolls of fear
 R - a scroll of butterflies
 S - a scroll of silence {!r}
 U - 3 scrolls of blinking {unknown}
 X - a scroll of vulnerability
Potions
 b - 6 potions of magic
 c - 4 potions of lignification
 d - 3 potions of heal wounds {@q2}
 e - 5 potions of haste {@q3}
 g - 3 potions of resistance
 j - 2 potions of might
 m - a potion of mutation
 o - 2 potions of brilliance
 s - 2 potions of berserk rage {!q}
 t - 4 potions of enlightenment
 w - 8 potions of curing {@q1}
 A - 2 potions of attraction
 E - 3 potions of invisibility
 G - a potion of cancellation
 M - 6 potions of ambrosia

Dungeon Overview and Level Annotations

Branches:
Dungeon (11/15)            Temple (1/1) D:5            Lair (5/5) D:8
  Swamp (0/4) Lair:2        Snake (0/4) Lair:2        Slime (0/5) Lair:5
 Vaults (0/5) D:14         Bailey (visited)         Volcano (visited)
    Orc: D:9-12

Altars:
Ashenzari
Cheibriados
Dithmenos
Elyvilon
Fedhas
Gozag
Hepliaklqana
Kikubaaqudgha
Makhleb
Nemelex Xobeh
Okawaru
Qazlal
Ru
Sif Muna
Trog
Uskayaw
Vehumet
Wu Jian
Xom
Yredelemnul
Zin
The Shining One
Jiyva

Shops:
D:7 ?   D:9 =   D:14 :(

Annotations:
D:4 upvault
D:8 digvault, 2 transporters
D:9 digvault
Lair:2 1 exclusion
Lair:5 1 runed translucent door

?... #.# ...#
#.. #∩# ...
#..##.##..#
#...#.#...# #
##.........#
#.#..........#
.....=.......#
#...{{.....#
#....@######
#######


You could see 2 dancing weapons.


Message History

Aim: a +5 long sword (haloed, empty space bonus: 8/8)
The air twists around and strikes the +5 long sword.
The +5 long sword is lightly damaged.
Unknown command.
Casting: Airstrike (safe; 1% risk of failure)
Confirm with . or Enter, or press ? or * to list all spells.
Aiming: Airstrike (safe; 1% risk of failure)
Press: ? - help, Dir - move target, f/p - +5 long sword
Aim: a +5 long sword (haloed, empty space bonus: 5/8)
The air twists around and strikes the +5 long sword!
The +5 long sword is heavily damaged.
The +5 long sword hits you!
The +5 long sword completely misses you.
Casting: Airstrike (safe; 1% risk of failure)
Confirm with . or Enter, or press ? or * to list all spells.
Aiming: Airstrike (safe; 1% risk of failure)
Press: ? - help, Dir - move target, f/p - +5 long sword
Aim: a +5 long sword (heavily damaged, haloed, empty space bonus: 5/8)
The air twists around and strikes the +5 long sword!
The +5 long sword is almost destroyed.
The +3 long sword hits you! The +5 long sword hits you!!
* * * LOW HITPOINT WARNING * * *
The +3 long sword barely misses you. The +5 long sword hits you!!
* * * LOW HITPOINT WARNING * * *
Casting: Airstrike (safe; 1% risk of failure)
Confirm with . or Enter, or press ? or * to list all spells.
You feel a surge of power!
The air crackles with electrical energy.
The +3 long sword closely misses you. The +5 long sword hits you!
You die...

Skill      XL: |  1  2  3  4  5  6  7  8  9 10 11 12 13 14 15 |
---------------+----------------------------------------------+-----
Air Magic      | 5 6 7 8 9 10 11 12 | 12.0
Conjurations   | 3 4 5 |  5.0
Fighting       | 2 6 8 9 10 | 10.8
Dodging        | 4 5 7 10 11 13 | 13.9
Spellcasting   | 3 6 7 8 |  8.0
Evocations     | 5 7 |  7.0
Poison Magic   | 5 10 11 | 11.6
Fire Magic     | 2 |  2.0
Stealth        | 7 9 |  9.0
Staves         | 6 7 |  7.9

Action                     |  1- 3 |  4- 6 |  7- 9 | 10-12 | 13-15 || total
---------------------------+-------+-------+-------+-------+-------++-------
  Melee: Unarmed           |     5 |     2 |     4 |       |       ||    11
         Kick              |     1 |       |    14 |     1 |    19 ||    35
         Peck              |       |     1 |     1 |       |    10 ||    12
         Trident           |       |       |    25 |       |       ||    25
         Staff             |       |       |       |     3 |    24 ||    27
         Mace              |       |       |       |       |     7 ||     7
   Cast: Shock             |    75 |    76 |    86 |    51 |     1 ||   289
         Airstrike         |       |     8 |    97 |    85 |   268 ||   458
         Static Discharge  |       |       |       |     5 |    46 ||    51
         Olgreb's Toxic Ra |       |       |       |    45 |    89 ||   134
         Ignite Poison     |       |       |       |    27 |    47 ||    74
         Swiftness         |       |       |       |     3 |     5 ||     8
  Evoke: Wand              |       |       |    16 |     3 |     3 ||    22
    Use: Potion            |       |       |     5 |     2 |       ||     7
         Scroll            |       |       |     6 |     5 |     8 ||    19
 Armour: Robe              |     8 |     6 |    35 |    30 |    88 ||   167
         Skin              |       |       |     3 |       |       ||     3
  Dodge: Dodged            |     9 |    11 |    86 |    93 |   202 ||   401

Levels and vault maps discovered:
D:1:      dpeg_arrival_pond, layout_basic, st_stairs_7, minmay_curled_crystal
D:2:      layout_basic, basic_altar, uniq_robin
D:3:      layout_basic, nicolae_overflow_hidden_temple, vehumet_statue,
          ebering_ecumenical_altar_petrified
D:4:      layout_basic, mainiacjoe_overflow_catwalk, kennysheep_pointless_box
D:5:      layout_basic, mainiacjoe_overflow_six_doors_small,
          minmay_temple_entry_wispy
D:6:      layout_cave_pools, okawaru_trees_1, chequers_serial_rivers_micro_b,
          uniq_eustachio
D:7:      layout_loops_cross, yredelemnul_altar_generic,
          cheibrodos_ashenzari_chains, serial_shops, shop
D:8:      layout_gridville, gammafunk_temple_overflow_arena,
          mainiacjoe_overflow_paths, lair_entry_dummy, grunt_livestock,
          chequers_arboretum, item_on_display_b
D:9:      layout_basic, nicolae_tso_swordbearing_angel, serial_shops,
          nicolae_shop_waterfront, due_unseen_surprise, uniq_joseph, uniq_harold
D:10:     layout_long_grid, enter_bailey_3, uniq_sonja, uniq_snorg
D:11:     layout_stronghold, minivault_19, uniq_gastronok, uniq_urug
D:14:     layout_loops_ring, erik_vaults_1, nicolae_sif_muna_condensation,
          serial_shops, nicolae_shop_tiny_glass, nicolae_shop_drivethru, shop,
          shop, shop, uniq_nessos
Temple:   nicolae_temple_x_marks_the_god
Lair:1:   cheibrodos_lair_river_kwai, layout_regular_city
Lair:2:   layout_cellular_growth, minmay_swamp_entry_swarm,
          minmay_snake_entry_guardpost_small, nicolae_volcano_entry_batcave
Lair:3:   layout_cave_pods
Lair:4:   dragon1_lemuel, layout_misc_corridors, special_room
          [special_room_bee], lemuel_fruit_tree
Lair:5:   wormcave, layout_layer_cave, hangedman_lair_caniforms_friends,
          slime_entry_2, st_stairs_12, infiniplex_staircase_pool_2

Notes
Turn   | Place    | Note
-------+----------+-------------------------------------------
     0 | D:1      | quinnr the Tengu Air Elementalist began the quest for the
                  | Orb.
     0 | D:1      | Reached XP level 1. HP: 10/10 MP: 4/4
   155 | D:1      | Reached XP level 2. HP: 8/15 MP: 1/6
   238 | D:1      | Reached skill level 5 in Air Magic
   938 | D:2      | Found a broken altar of Ashenzari.
   956 | D:2      | Reached XP level 3. HP: 19/19 MP: 5/7
  1086 | D:2      | Upgraded the game from 0.31-a0-865-g3d5d91748a to
                  | 0.31-a0-868-g674d60d6f7
  1160 | D:2      | Noticed Robin
  1296 | D:2      | Killed Robin
  1297 | D:2      | Reached skill level 6 in Air Magic
  1918 | D:2      | Reached XP level 4. HP: 24/24 MP: 0/8
  2255 | D:3      | Found a faded altar of an unknown god.
  2602 | D:3      | Found a radiant altar of Vehumet.
  2602 | D:3      | Noticed a charred statue
  2786 | D:3      | Found a sacrificial altar of Ru.
  3454 | D:4      | Noticed a black bear
  3465 | D:3      | Killed a black bear
  3466 | D:3      | Reached skill level 3 in Conjurations
  3466 | D:3      | Reached skill level 7 in Air Magic
  3466 | D:3      | Reached XP level 5. HP: 26/28 MP: 3/9
  3471 | D:3      | Learned a level 4 spell: Airstrike
  3475 | D:3      | Learned a level 3 spell: Swiftness
  3519 | D:3      | Killed a charred statue
  3525 | D:3      | Became a worshipper of Vehumet
  3598 | D:4      | Noticed an ogre
  3599 | D:4      | Killed an ogre
  3600 | D:4      | Reached skill level 4 in Conjurations
  3600 | D:4      | Reached XP level 6. HP: 32/32 MP: 5/10
  3861 | D:4      | Reached skill level 8 in Air Magic
  3993 | D:4      | Found an ornate altar of the Wu Jian Council.
  4275 | D:4      | Reached skill level 5 in Conjurations
  4449 | D:4      | Upgraded the game from 0.31-a0-868-g674d60d6f7 to
                  | 0.31-a0-875-g02e7d12df6
  4750 | D:5      | Entered Level 5 of the Dungeon
  5071 | D:5      | Gained mutation: Your magical flight helps you evade
                  | attacks. (EV +4) [Tengu growth]
  5071 | D:5      | Reached XP level 7. HP: 36/36 MP: 4/11
  5154 | D:5      | Reached skill level 9 in Air Magic
  5322 | D:5      | Identified the +6 trident "Ypofag" {vamp, rElec Will+
                  | Str-4}
  5416 | D:5      | Reached skill level 1 in Fighting
  5574 | D:5      | Reached skill level 3 in Dodging
  5668 | D:5      | Reached * piety under Vehumet
  5668 | D:5      | Offered knowledge of Foxfire by Vehumet.
  5700 | D:5      | Found a staircase to the Ecumenical Temple.
  5708 | Temple   | Entered the Ecumenical Temple
  5742 | D:5      | Reached skill level 2 in Fighting
  5742 | D:5      | Reached skill level 3 in Spellcasting
  5920 | D:5      | Reached skill level 4 in Dodging
  5994 | D:5      | Identified the +2 mace "Gram" {chaos, rF+ MP+9}
  6000 | D:5      | Reached XP level 8. HP: 45/45 MP: 0/13
  6113 | D:5      | Reached skill level 3 in Fighting
  6249 | D:5      | Found a blossoming altar of Fedhas.
  6426 | D:6      | Noticed Eustachio
  6428 | D:6      | Killed Eustachio
  6429 | D:6      | Reached skill level 4 in Fighting
  6546 | D:6      | Reached skill level 5 in Fighting
  6837 | D:6      | Noticed a wyvern
  6846 | D:6      | Killed a wyvern
  6847 | D:6      | Reached skill level 6 in Fighting
  7364 | D:6      | Found an iron altar of Okawaru.
  7565 | D:6      | Reached ** piety under Vehumet
  7565 | D:6      | Offered knowledge of Magic Dart by Vehumet.
  7594 | D:6      | Reached skill level 5 in Dodging
  7594 | D:6      | Reached XP level 9. HP: 18/56 MP: 5/14
  7857 | D:7      | Found a basalt altar of Yredelemnul.
  7874 | D:7      | Found a broken altar of Ashenzari.
  7889 | D:6      | Reached skill level 7 in Fighting
  7921 | D:7      | Reached skill level 6 in Dodging
  8526 | D:7      | Reached skill level 1 in Evocations
  8725 | D:7      | Reached skill level 7 in Dodging
  8822 | D:7      | Reached skill level 2 in Evocations
  9011 | D:7      | Found Puymm's Magic Scroll Boutique.
  9019 | D:7      | Bought a scroll of identify for 28 gold pieces
  9019 | D:7      | Bought a scroll of noise for 14 gold pieces
  9019 | D:7      | Bought a scroll of teleportation for 42 gold pieces
  9019 | D:7      | Bought a scroll of fear for 56 gold pieces
  9019 | D:7      | Bought a scroll of enchant armour for 105 gold pieces
  9023 | D:7      | Identified a potion of resistance
  9045 | D:7      | Reached skill level 3 in Evocations
  9408 | D:7      | Reached skill level 4 in Evocations
  9638 | D:8      | Found a staircase to the Lair.
  9739 | D:9      | Reached skill level 5 in Evocations
  9931 | D:9      | Noticed a hornet
  9933 | D:9      | Killed a hornet
 10014 | D:9      | Reached skill level 8 in Fighting
 10127 | D:9      | Reached XP level 10. HP: 64/64 MP: 0/15
 10353 | D:9      | Offered knowledge of Hailstorm by Vehumet.
 10362 | D:9      | Reached skill level 9 in Fighting
 10368 | D:9      | Reached *** piety under Vehumet
 10418 | D:9      | Noticed Joseph
 10492 | D:9      | Learned a level 2 spell: Static Discharge
 10627 | D:9      | Killed Joseph
 10628 | D:9      | Reached skill level 4 in Spellcasting
 10801 | D:9      | Noticed a two-headed ogre
 10813 | D:9      | Found Apokatan's Jewellery Boutique.
 10831 | D:9      | Killed a two-headed ogre
 10832 | D:9      | Reached skill level 5 in Spellcasting
 10923 | D:9      | Bought a ring of see invisible for 150 gold pieces
 11006 | D:9      | Reached skill level 6 in Spellcasting
 11287 | D:9      | Noticed Harold
 11304 | D:8      | Offered knowledge of Olgreb's Toxic Radiance by Vehumet.
 11315 | D:8      | Learned a level 4 spell: Olgreb's Toxic Radiance
 11319 | D:8      | Learned a level 3 spell: Ignite Poison
 11379 | D:8      | Found a stormy altar of Qazlal.
 11380 | D:8      | Noticed a deep elf pyromancer
 11390 | D:8      | Found a transporter.
 11503 | D:8      | Found a transporter.
 11563 | D:8      | Reached skill level 1 in Poison Magic
 11566 | D:8      | Reached skill level 2 in Poison Magic
 11568 | D:8      | Reached skill level 3 in Poison Magic
 11758 | D:8      | Reached skill level 1 in Fire Magic
 11883 | D:8      | Found a hide-covered altar of Uskayaw.
 12345 | D:9      | Reached skill level 2 in Fire Magic
 12345 | D:9      | Reached skill level 4 in Poison Magic
 12445 | D:9      | Found a glowing golden altar of the Shining One.
 12497 | D:9      | Killed Harold
 12498 | D:9      | Reached skill level 5 in Poison Magic
 12498 | D:9      | Reached XP level 11. HP: 71/71 MP: 15/21
 12614 | D:10     | Entered Level 10 of the Dungeon
 12627 | D:10     | Found a flagged portal.
 12636 | Bailey   | Entered a bailey
 12807 | Bailey   | Noticed an orc warlord
 13012 | Bailey   | Reached skill level 6 in Poison Magic
 13012 | Bailey   | Reached **** piety under Vehumet
 13014 | Bailey   | Found a runed translucent gate.
 13014 | Bailey   | Found a runed translucent gate.
 13015 | Bailey   | Found a runed translucent gate.
 13380 | Bailey   | Killed an orc warlord
 13381 | Bailey   | Reached skill level 7 in Poison Magic
 13533 | Bailey   | Identified the ring of Myubolao {Fly rElec rN+++ MP+9
                  | Stlth-}
 13548 | Bailey   | Identified the +9 long sword "Muilo" {freeze, Fragile Str+8
                  | Dex+2}
 13753 | D:10     | Noticed Sonja
 13759 | D:10     | Killed Sonja
 13877 | D:10     | Noticed Snorg
 13890 | D:10     | HP: 3/71 [Snorg (19)]
 13891 | D:10     | Killed Snorg
 13892 | D:10     | Reached skill level 8 in Poison Magic
 13904 | D:10     | Reached skill level 10 in Fighting
 13904 | D:10     | Reached skill level 10 in Poison Magic
 13904 | D:10     | Reached XP level 12. HP: 23/79 MP: 5/22
 14301 | D:10     | Offered knowledge of Brom's Barrelling Boulder by Vehumet.
 14387 | D:10     | Reached skill level 10 in Air Magic
 14616 | D:10     | Reached skill level 8 in Dodging
 14979 | D:11     | Noticed Gastronok
 14988 | D:11     | Killed Gastronok
 14989 | D:11     | Reached skill level 9 in Dodging
 15246 | Lair:1   | Entered Level 1 of the Lair of Beasts
 15548 | Lair:1   | Reached skill level 10 in Dodging
 15548 | Lair:1   | Reached XP level 13. HP: 84/84 MP: 22/23
 15551 | Lair:1   | Reached skill level 3 in Stealth
 15551 | Lair:1   | Upgraded the game from 0.31-a0-875-g02e7d12df6 to
                  | 0.31-a0-876-gfe8ebadbca
 15805 | Lair:1   | Reached skill level 4 in Stealth
 16233 | Lair:1   | Reached skill level 5 in Stealth
 16649 | Lair:1   | Reached skill level 6 in Stealth
 16649 | Lair:1   | Reached skill level 6 in Evocations
 16844 | Lair:1   | Identified the +8 falchion "Muichus" {drain, Dex+4}
 17028 | Lair:2   | Reached skill level 7 in Evocations
 17181 | Lair:2   | Found a dark tunnel.
 17200 | Volcano  | Entered a volcano
 17529 | Volcano  | Identified the +0 pair of gloves of Resourcefulness {rElec}
 17891 | Lair:2   | Got a lithographed book
 18002 | Lair:2   | Reached skill level 7 in Stealth
 18002 | Lair:2   | Reached skill level 7 in Spellcasting
 18213 | Lair:2   | Found a staircase to the Swamp.
 18244 | Lair:2   | Reached skill level 11 in Air Magic
 18666 | Lair:2   | Found a staircase to the Snake Pit.
 18775 | Lair:2   | Reached ***** piety under Vehumet
 19047 | Lair:2   | Reached skill level 11 in Dodging
 19455 | Lair:3   | Offered knowledge of Flame Wave by Vehumet.
 19643 | Lair:3   | Reached XP level 14. HP: 88/88 MP: 26/26
 20263 | Lair:3   | Reached skill level 8 in Stealth
 20992 | Lair:4   | Identified the +0 plate armour of the Lost Path {Dex+2}
 21096 | Lair:4   | Reached skill level 12 in Air Magic
 21128 | Lair:4   | Reached skill level 8 in Spellcasting
 21338 | Lair:4   | Reached skill level 12 in Dodging
 21338 | Lair:4   | Reached skill level 9 in Stealth
 21967 | Lair:5   | Entered Level 5 of the Lair of Beasts
 22220 | Lair:5   | Reached skill level 1 in Staves
 22260 | Lair:5   | Reached skill level 2 in Staves
 22316 | Lair:5   | Found a runed translucent door.
 22317 | Lair:5   | Found a viscous altar of Jiyva.
 22319 | Lair:5   | Found a staircase to the Slime Pits.
 22572 | Lair:5   | Reached skill level 3 in Staves
 22665 | Lair:5   | Reached skill level 4 in Staves
 23013 | Lair:5   | Offered knowledge of Ozocubu's Refrigeration by Vehumet.
 23042 | Lair:5   | Reached skill level 5 in Staves
 23301 | Lair:5   | Reached skill level 13 in Dodging
 23565 | Lair:5   | Reached skill level 6 in Staves
 24317 | Lair:5   | Reached skill level 11 in Poison Magic
 24696 | Lair:5   | Identified the +0 helmet of Loss {-Tele Will+++ rCorr
                  | Dex-4}
 24750 | Lair:5   | Identified the +5 chain mail of Viwoej {rC+ Str+3 Int+4}
 24823 | Lair:5   | Found a runed translucent door.
 25010 | Lair:5   | Reached XP level 15. HP: 93/93 MP: 28/28
 25079 | Lair:5   | Reached skill level 7 in Staves
 25904 | D:11     | You are sucked into a shaft and drop 3 floors!
 25904 | D:14     | Found Rimnac's Antique Weapon Emporium.
 26028 | D:14     | Found Bohu's Book Shop.
 26050 | D:14     | Found a gate to the Vaults.
 26056 | D:14     | Slain by a +5 long sword

Vanquished Creatures
  Gastronok (D:11)
  An orc warlord (Bailey)
  Snorg (D:10)
  Harold (D:9)
  7 hydras
  2 ice dragons
  A catoblepas (Lair:3)
  A boulder beetle (Lair:4)
  A two-headed ogre (D:9)
  A hell knight (Volcano)
  Sonja (D:10)
  A skyshark (Lair:3)
  A salamander mystic (Volcano)
  2 lindwurms (Lair:5)
  An ugly thing (D:14)
  An oklob plant (Lair:1)
  Joseph (D:9)
  5 salamanders (Volcano)
  11 elephants
  7 black mambas
  2 unseen horrors (D:10)
  5 torpor snails (Lair:5)
  A rime drake (Lair:5)
  A kobold demonologist (D:10)
  11 cane toads
  5 komodo dragons
  A troll (D:11)
  A queen bee (Lair:4)
  10 hornets
  3 meliai (Lair:4)
  3 tyrant leeches (Lair:5)
  12 polar bears
  13 blink frogs
  A raiju (Lair:5)
  7 wyverns
  3 vampires
  3 fire bats (Lair:2)
  27 yaks
  3 hogs (D:8)
  A human (D:8)
  11 vampire mosquitoes
  3 basilisks
  Eustachio (D:6)
  4 wargs (Lair:5)
  4 nagas (Lair:2)
  12 water moccasins
  16 hell hounds (Lair:5)
  An ice beast (D:7)
  8 orc warriors
  12 black bears
  2 ogres
  19 wolves
  3 centaurs
  4 kobold brigands
  A gnoll sergeant (D:5)
  10 bullfrogs
  2 scorpions (D:5)
  10 wights
  26 killer bees
  A howler monkey (D:5)
  4 hounds
  2 jellies
  2 gnoll boudas
  5 orc priests
  3 sleepcaps
  13 orc wizards
  3 iguanas
  A statue (D:3)
  Robin (D:2)
  16 gnolls
  7 adders
  A shadow imp (D:6)
  A white imp (D:6)
  A worm (D:2)
  4 dart slugs
  41 orcs
  3 endoplasms
  2 giant cockroaches (D:1)
  5 hobgoblins
  35 kobolds
  5 quokkas
  7 ball pythons
  A bat (D:3)
  A frilled lizard (D:1)
  17 goblins
  A rat (D:2)
493 creatures vanquished.

Table legend: (Time is in decaauts)
 A = Elapsed time spent in this place.
 B = Non-inter-level travel time spent in this place.
 C = Inter-level travel time spent in this place.
 D = Time resting spent in this place.
 E = Time spent auto-exploring this place.
 F = Levels seen in this place.
 G = Mean time per level.
                   A        B        C        D        E       F      G
               +--------+--------+--------+--------+--------+-----+--------+
         Total |  26066 |  24876 |   1190 |   3394 |  17676 |  20 | 1303.3 |
       Dungeon |  14735 |  13927 |    808 |   2241 |   9597 |  12 | 1227.9 |
        Temple |      1 |      1 |      0 |      0 |      0 |   1 |    1.0 |
          Lair |   9746 |   9365 |    381 |    294 |   7786 |   5 | 1949.2 |
        Bailey |    913 |    913 |      0 |    522 |    166 |   1 |  913.0 |
       Volcano |    669 |    669 |      0 |    337 |    127 |   1 |  669.0 |
               +--------+--------+--------+--------+--------+-----+--------+

Top non-repeatable levels by time:
  Lair:5: 3505 daAuts
     D:9: 1921 daAuts
  Lair:2: 1876 daAuts
  Lair:1: 1708 daAuts
     D:5: 1538 daAuts
     D:7: 1494 daAuts
    D:10: 1492 daAuts
     D:3: 1479 daAuts
     D:8: 1443 daAuts
     D:6: 1430 daAuts
  Lair:4: 1413 daAuts
     D:2: 1325 daAuts
     D:4: 1302 daAuts
  Lair:3: 1243 daAuts
  Bailey: 913 daAuts

Table legend:
 A = Non-vault XP
 B = Vault XP
 C = Vault XP percentage of total XP
 D = Non-vault monster count
 E = Vault monster count
 F = Vault count percentage of total count
                 A         B        C        D         E       F
            +---------+---------+-------+---------+---------+-------
      Total |   44303 |   38344 |  46.4 |     315 |     178 |  36.1
            +---------+---------+-------+---------+---------+-------
        D:1 |      31 |       2 |   6.1 |      16 |       1 |   5.9
        D:2 |      28 |      26 |  48.1 |       8 |       7 |  46.7
        D:3 |     134 |      32 |  19.3 |       6 |       1 |  14.3
        D:4 |     340 |       0 |   0.0 |      23 |       0 |   0.0
        D:5 |     755 |       0 |   0.0 |      19 |       0 |   0.0
        D:6 |    1049 |     181 |  14.7 |      26 |       1 |   3.7
        D:7 |    1045 |       0 |   0.0 |      22 |       0 |   0.0
        D:8 |     821 |     958 |  53.9 |      28 |       5 |  15.2
        D:9 |    2949 |    1392 |  32.1 |      31 |       2 |   6.1
       D:10 |    3844 |    1707 |  30.8 |      27 |       6 |  18.2
       D:11 |     992 |    1502 |  60.2 |       7 |       1 |  12.5
       D:14 |     575 |       0 |   0.0 |       1 |       0 |   0.0
     Lair:1 |    4518 |    2758 |  37.9 |      15 |       8 |  34.8
     Lair:2 |   10085 |    2448 |  19.5 |      32 |      14 |  30.4
     Lair:3 |    3814 |       0 |   0.0 |      12 |       0 |   0.0
     Lair:4 |    7073 |    3053 |  30.2 |      26 |      21 |  44.7
     Lair:5 |    6250 |   18417 |  74.7 |      16 |      76 |  82.6
     Bailey |       0 |    1753 | 100.0 |       0 |      28 | 100.0
    Volcano |       0 |    4115 | 100.0 |       0 |       7 | 100.0
            +---------+---------+-------+---------+---------+-------

Levels and vault maps discovered:
D:1:      dpeg_arrival_pond, layout_basic, st_stairs_7, minmay_curled_crystal
D:2:      layout_basic, basic_altar, uniq_robin
D:3:      layout_basic, nicolae_overflow_hidden_temple, vehumet_statue,
          ebering_ecumenical_altar_petrified
D:4:      layout_basic, mainiacjoe_overflow_catwalk, kennysheep_pointless_box
D:5:      layout_basic, mainiacjoe_overflow_six_doors_small,
          minmay_temple_entry_wispy
D:6:      layout_cave_pools, okawaru_trees_1, chequers_serial_rivers_micro_b,
          uniq_eustachio
D:7:      layout_loops_cross, yredelemnul_altar_generic,
          cheibrodos_ashenzari_chains, serial_shops, shop
D:8:      layout_gridville, gammafunk_temple_overflow_arena,
          mainiacjoe_overflow_paths, lair_entry_dummy, grunt_livestock,
          chequers_arboretum, item_on_display_b
D:9:      layout_basic, nicolae_tso_swordbearing_angel, serial_shops,
          nicolae_shop_waterfront, due_unseen_surprise, uniq_joseph, uniq_harold
D:10:     layout_long_grid, enter_bailey_3, uniq_sonja, uniq_snorg
D:11:     layout_stronghold, minivault_19, uniq_gastronok, uniq_urug
D:14:     layout_loops_ring, erik_vaults_1, nicolae_sif_muna_condensation,
          serial_shops, nicolae_shop_tiny_glass, nicolae_shop_drivethru, shop,
          shop, shop, uniq_nessos
Temple:   nicolae_temple_x_marks_the_god
Lair:1:   cheibrodos_lair_river_kwai, layout_regular_city
Lair:2:   layout_cellular_growth, minmay_swamp_entry_swarm,
          minmay_snake_entry_guardpost_small, nicolae_volcano_entry_batcave
Lair:3:   layout_cave_pods
Lair:4:   dragon1_lemuel, layout_misc_corridors, special_room
          [special_room_bee], lemuel_fruit_tree
Lair:5:   wormcave, layout_layer_cave, hangedman_lair_caniforms_friends,
          slime_entry_2, st_stairs_12, infiniplex_staircase_pool_2
